 Dungeon Crawl Stone Soup version 0.20.1-1-g8b1a95d (webtiles) character file.

494 rrRat the Skirmisher (level 6, -7/57 HPs)
             Began as a Draconian Berserker on Nov 8, 2017.
             Was a Priest of Trog.
             Mangled by con220's ghost (9 damage)
             ... on level 4 of the Dungeon.
             The game lasted 00:14:56 (2587 turns).

rrRat the Skirmisher (Draconian Berserker)          Turns: 2587, Time: 00:14:56

Health: -7/57      AC:  6    Str: 21    XL:     6   Next: 92%
Magic:  6/6        EV: 13    Int:  8    God:    Trog [***...]
Gold:   191        SH:  0    Dex: 10    Spells: 5/5 levels left

rFire    . . .     SeeInvis .   a - +0 mace
rCold    . . .     Gourm    .   (no shield)
rNeg     . . .     Faith    .   (armour unavailable)
rPois    .         Spirit   .   h - +0 hat
rElec    .         Reflect  .   (no cloak)
rCorr    .         Harm     .   (no gloves)
MR       .....                  (no boots)
Stlth    +.........             (no amulet)
Regen    0.2/turn               m - +1 ring of evasion
MPRegen  0.1/turn               j - ring of flight

@: very heavily drained
A: unfitting armour, cold-blooded, AC +6
a: Berserk, Trog's Hand, Burn Spellbooks, Renounce Religion, Evoke Flight


You were on level 4 of the Dungeon.
You worshipped Trog.
Trog was most pleased with you.
You were near starving.

You visited 1 branch of the dungeon, and saw 4 of its levels.

You collected 191 gold pieces.

Inventory:

Hand Weapons
 a - a +0 mace (weapon)
Armour
 h - a +0 hat (worn)
Jewellery
 j - a ring of flight (right hand)
 m - a +1 ring of evasion (left hand)
Wands
 q - a wand of confusion (32/48)
Scrolls
 c - a scroll of recharging {unknown}
 e - a scroll of amnesia
 l - a scroll of random uselessness {unknown}
 o - 2 scrolls of remove curse {unknown}
 p - a scroll of fear {unknown}
Potions
 i - a potion of berserk rage
 k - a potion of ambrosia
 n - a potion of heal wounds {unknown}
 r - a potion of might
Comestibles
 b - 3 bread rations
 g - a royal jelly


   Skills:
 * Level 6.2(2.3) Fighting
 - Level 3.0(0.0) Maces & Flails
 * Level 5.6(1.8) Dodging
 + Level 0.2(0.0) Evocations


You had 5 spell levels left.
You didn't know any spells.

Dungeon Overview and Level Annotations

Branches:
Dungeon (4/15)
 Temple: D:4-7

Altars:
Elyvilon
Fedhas
Makhleb
Ru
Xom

Annotations:
D:4 con220's ghost, amateur DrCj


Innate Abilities, Weirdness & Mutations

Your plain brown scales are hard. (AC +6)
You cannot fit into any form of body armour.
You are cold-blooded and may be slowed by cold attacks.


Message History

You feel drained.
You closely miss con220's ghost.
Con220's ghost is moderately damaged.
Con220's ghost hits you!
* * * LOW HITPOINT WARNING * * *
You feel drained.
* * * LOW HITPOINT WARNING * * *
You hit con220's ghost.
Con220's ghost is moderately damaged.
Con220's ghost points at you and mumbles some strange words.
The magic dart hits you!
* * * LOW HITPOINT WARNING * * *
Con220's ghost casts a spell at you. The magic dart hits you!
As you read the scroll of fog, it crumbles to dust.
The scroll dissolves into smoke.
Your skin stops crawling.
You feel less resistant to hostile enchantments.
Con220's ghost hits you!
You die...

#............#
#............#.#
#########....#
#.....########.#
#....# ##+#...
... ##'### #.##
.# #..<.# #....#
#....# #
#...§####.#
#...§W@§§.#
#...§######
#...........
####........
#.(..%.W.
#.....(..
.........
?........
.......$#


You could see con220's ghost.

Vanquished Creatures
  A water moccasin (D:3)
  The ghost of rrRat the Skirmisher, an amateur DrBe of Trog (D:3)
  3 iron imps (D:3)
  Jessica (D:3)
  Natasha (D:4)
  7 adders
  An ooze (D:3)
  An adder skeleton (D:3)
  2 worms (D:2)
  3 dart slugs
  3 leopard geckos
  An orc (D:3)
  5 bats
  4 giant cockroaches
  12 goblins
  7 hobgoblins
  10 jackals
  7 kobolds
  A quokka (D:3)
  6 frilled lizards
  A quokka skeleton (D:4)
  5 rats
83 creatures vanquished.

Notes
Turn   | Place    | Note
-------+----------+-------------------------------------------
     0 | D:1      | rrRat the Draconian Berserker began the quest for the Orb.
     0 | D:1      | Reached XP level 1. HP: 19/19 MP: 1/1
    77 | D:1      | Reached XP level 2. HP: 20/26 MP: 2/2
   293 | D:1      | Reached ** piety under Trog
   411 | D:1      | Reached skill level 4 in Fighting
   591 | D:1      | Reached XP level 3. HP: 33/33 MP: 3/3
   808 | D:2      | Found a shattered altar of Ashenzari.
   810 | D:2      | Found a shadowy altar of Dithmenos.
   810 | D:2      | Found a shimmering altar of Xom.
   812 | D:2      | Found a burning altar of Makhleb.
   812 | D:2      | Found a glowing silver altar of Zin.
   812 | D:2      | Found a blossoming altar of Fedhas.
  1088 | D:2      | Reached XP level 4. HP: 35/41 MP: 4/4
  1308 | D:2      | Found a white marble altar of Elyvilon.
  1475 | D:3      | Found a blossoming altar of Fedhas.
  1487 | D:3      | Found a sacrificial altar of Ru.
  1500 | D:3      | Noticed Jessica
  1509 | D:3      | Killed Jessica
  1539 | D:3      | Found a burning altar of Makhleb.
  1564 | D:3      | Reached XP level 5. HP: 17/47 MP: 5/5
  1566 | D:3      | Reached skill level 5 in Fighting
  1846 | D:3      | Reached *** piety under Trog
  2075 | D:3      | Noticed rrRat's ghost (amateur DrBe)
  2091 | D:3      | Killed rrRat's ghost
  2091 | D:3      | Reached skill level 5 in Dodging
  2091 | D:3      | Reached XP level 6. HP: 57/57 MP: 6/6
  2129 | D:3      | Noticed a water moccasin
  2147 | D:3      | HP: 1/57 [water moccasin (7)]
  2167 | D:3      | Killed a water moccasin
  2167 | D:3      | Reached skill level 6 in Fighting
  2501 | D:4      | Noticed Natasha
  2506 | D:4      | Killed Natasha
  2559 | D:4      | Noticed con220's ghost (amateur DrCj)
  2586 | D:4      | HP: 2/57 [con220's ghost/magic dart (7)]
  2587 | D:4      | Mangled by con220's ghost

Skill      XL: |  1  2  3  4  5  6 |
---------------+-------------------+-----
Dodging        | 3 4 5 |  5.6
Fighting       | 4 5 6 |  6.2
Maces & Flails | |  3.0
Evocations     | |  0.2

Action                   |  1- 3 |  4- 6 || total
-------------------------+-------+-------++-------
Melee: Mace              |   100 |   173 ||   273
       Tailslap          |     7 |    22 ||    29
Invok: Berserk           |       |     2 ||     2
       Trog's Hand       |       |     2 ||     2
Evoke: Wand              |       |     1 ||     1
  Use: Scroll            |     5 |     6 ||    11
       Potion            |       |     4 ||     4
  Eat: Chunk             |     1 |     6 ||     7
Armor: Skin              |    37 |    69 ||   106
Dodge: Dodged            |    70 |   169 ||   239
